 Dungeon Crawl Stone Soup version 0.26-a0-652-gafc20e3620 (webtiles) character file.

Game seed: 3837609742150656418

1422 reriks the Shield-Bearer (level 8, -1/52 HPs)
             Began as a Gargoyle Fighter on Oct 3, 2020.
             Was a Follower of Qazlal.
             Slain by Harold
             ... wielding a +0 halberd
              (13 damage)
             ... on level 7 of the Dungeon on Oct 4, 2020.
             The game lasted 00:04:40 (5329 turns).

reriks the Shield-Bearer (Gargoyle Fighter)         Turns: 5329, Time: 00:04:41

Health: -1/52      AC: 20    Str: 23    XL:     8   Next: 72%
Magic:  8/8        EV:  6    Int:  8    God:    Qazlal [*.....]
Gold:   373        SH: 12    Dex:  9    Spells: 7/7 levels left

rFire    . . .     SeeInvis .   a - +0 war axe
rCold    . . .     Faith    .   c - +0 kite shield
rNeg     + . .     Spirit   .   m - +4 chain mail
rPois    ∞         Reflect  .   (no helmet)
rElec    +         Harm     .   (no cloak)
rCorr    .         Rampage  .   (no gloves)
MR       +....                  (no boots)
Stlth    ..........             y - amulet of regeneration
HPRegen  0.57/turn              g - ring of protection from magic
MPRegen  0.11/turn              i - ring of poison resistance

@: mighty
A: negative energy resistance 1, electricity resistance, unbreathing,
petrification resistance, rot immunity, AC +5
a: Renounce Religion


You were on level 7 of the Dungeon.
You worshipped Qazlal.
Qazlal was aware of your devotion.
You visited 2 branches of the dungeon, and saw 8 of its levels.

You collected 373 gold pieces.

Inventory:

Hand Weapons
 a - a +0 war axe (weapon)
Armour
 b - a +0 scale mail
 c - a +0 kite shield (worn)
 m - a +4 chain mail (worn)
Jewellery
 g - a ring of protection from magic (left hand)
 i - a ring of poison resistance (right hand)
 v - an uncursed amulet of magic regeneration
 y - an amulet of regeneration (around neck)
 A - an uncursed amulet of the acrobat
 B - an uncursed amulet of guardian spirit {unknown}
Wands
 p - a wand of polymorph (4)
 q - a wand of acid (11)
 r - a wand of flame (30)
Scrolls
 j - 3 scrolls of remove curse
 l - 2 scrolls of teleportation
 s - 2 scrolls of enchant weapon {unknown}
 w - a scroll of blinking
 x - a scroll of enchant armour {unknown}
 C - a scroll of summoning {unknown}
Potions
 d - 2 potions of might
 e - a potion of heal wounds {unknown}
 f - 2 potions of brilliance {unknown}
 h - 3 potions of curing {unknown}
 k - a potion of lignification {unknown}
 n - 2 potions of ambrosia {unknown}
 o - a potion of stabbing {unknown}
 t - a potion of cancellation {unknown}
 u - a potion of mutation {unknown}
 z - a potion of flight {unknown}


   Skills:
 + Level 6.6 Fighting
 + Level 5.0 Axes
 + Level 6.6 Armour
 + Level 6.6 Shields


You had 7 spell levels left.
You didn't know any spells.
Your spell library contained the following spells:

 Spells                   Type           Power        Failure   Level
 Summon Small Mammal      Summ           #...         100%        1
 Call Imp                 Summ           #.......     100%        2
 Call Canine Familiar     Summ           #.......     100%        3
 Summon Guardian Golem    Hex/Summ       #.......     100%        3
 Summon Ice Beast         Ice/Summ       #.......     100%        4
 Summon Lightning Spire   Summ/Air       #.......     100%        4


Dungeon Overview and Level Annotations

Branches:
Dungeon (7/15)             Temple (1/1) D:4

Altars:
Ashenzari
Cheibriados
Dithmenos
Elyvilon
Gozag
Hepliaklqana
Kikubaaqudgha
Nemelex Xobeh
Qazlal
Ru
Sif Muna
Trog
Uskayaw
Vehumet
Xom
Yredelemnul
Zin

Shops:
D:5 *

Annotations:
D:4 1 runed translucent door, smeego's ghost, amateur OpFi
D:7 Harold


Innate Abilities, Weirdness & Mutations

You are resistant to torment.
Your stone body is resilient. (AC +5)
You are immune to poison.
You resist negative energy. (rN+)
You are resistant to electric shocks. (rElec)
You can survive without breathing.
You are immune to petrification.
You are immune to rotting.


Message History

The black bear is almost dead.
The black bear bites you! The black bear claws you.
The black bear claws you but does no damage.
Harold hits you but does no damage.
The black bear bites you but does no damage.
The black bear claws you. x2
Harold hits you from afar with a +0 halberd!
* * * LOW HITPOINT WARNING * * *
You feel very mighty all of a sudden. You block the black bear's attack.
The black bear claws you but does no damage. x2
The black bear bites you but does no damage.
You block the black bear's attack. The black bear claws you.
* * * LOW HITPOINT WARNING * * *
You hit the black bear.
You kill the black bear!
Qazlal accepts your kill.
Your Axes skill increases to level 5!
Harold hits you from afar with a +0 halberd!
You die...

# # ### ###### # #...
......# # ##... ......#
####### #.... ...)..#
......# #...# #....#
......#####...# #....###.
......#.......####........
................@†h.......
####.##.......####@....#.
#....##.......# #.....#
####.##.......# #.....# #
#.##.......# ......#
#.##.......# .##..... ##
#.##.......# #. .PP...
.###.##....#### #. )._...
......+..... #. .....#


You could see Harold and a black bear.

Vanquished Creatures
  A black bear (D:7)
  An orc warrior (D:6)
  2 phantoms (D:4)
  An ogre (D:6)
  2 bullfrogs (D:6)
  4 scorpions
  4 wights (D:6)
  A crimson imp (D:4)
  A bullfrog zombie (D:6)
  3 hounds (D:6)
  An orc priest (D:4)
  A jelly (D:6)
  2 iguanas (D:5)
  A worker ant (D:7)
  4 adders
  3 gnolls (D:3)
  A howler monkey skeleton (D:4)
  3 white imps
  2 oozes
  An adder zombie (D:6)
  3 dart slugs
  5 leopard geckos
  7 orcs
  A ball python (D:4)
  3 giant cockroaches
  10 hobgoblins
  A jackal (D:1)
  5 kobolds
  3 quokkas
  A ball python skeleton (D:4)
  4 bats
  6 frilled lizards
  6 goblins
  A quokka skeleton (D:7)
  A quokka zombie (D:5)
  6 rats
102 creatures vanquished.

Vanquished Creatures (others)
  4 plants (D:3)
4 creatures vanquished.

Grand Total: 106 creatures vanquished

Notes
Turn   | Place    | Note
-------+----------+-------------------------------------------
     0 | D:1      | reriks the Gargoyle Fighter began the quest for the Orb.
     0 | D:1      | Reached XP level 1. HP: 14/14 MP: 1/1
    54 | D:1      | Reached XP level 2. HP: 18/19 MP: 2/2
   960 | D:1      | Reached XP level 3. HP: 23/23 MP: 3/3
  1212 | D:2      | You fall into a shaft and drop 1 floor!
  1496 | D:3      | Reached XP level 4. HP: 27/29 MP: 4/4
  2236 | D:4      | Found a basalt altar of Yredelemnul.
  2273 | D:4      | Reached XP level 5. HP: 33/33 MP: 5/5
  2420 | D:4      | Found a runed translucent door.
  2422 | D:4      | Noticed smeego's ghost (amateur OpFi)
  2511 | D:4      | Found a staircase to the Ecumenical Temple.
  2520 | Temple   | Entered the Ecumenical Temple
  2619 | Temple   | Became a worshipper of Qazlal Stormbringer
  3050 | D:4      | Noticed a phantom
  3283 | D:4      | Killed a phantom
  3283 | D:4      | Reached XP level 6. HP: 38/39 MP: 6/6
  3452 | D:4      | Noticed a phantom
  3479 | D:4      | Killed a phantom
  3737 | D:5      | Entered Level 5 of the Dungeon
  3739 | D:5      | Found a broken altar of Ashenzari.
  3849 | D:6      | Reached skill level 5 in Fighting
  3849 | D:6      | Reached skill level 5 in Armour
  3849 | D:6      | Reached skill level 5 in Shields
  3851 | D:6      | Reached XP level 7. HP: 43/44 MP: 7/7
  4229 | D:5      | Reached * piety under Qazlal
  4250 | D:5      | Found a shadowy altar of Dithmenos.
  4275 | D:5      | Found Zin's Purification Station.
  4278 | D:5      | Found a glowing silver altar of Zin.
  4560 | D:6      | Reached XP level 8. HP: 51/51 MP: 8/8
  4807 | D:6      | Found a radiant altar of Vehumet.
  4809 | D:6      | Found a white marble altar of Elyvilon.
  4809 | D:6      | Found a sacrificial altar of Ru.
  4810 | D:6      | Found a shimmering blue altar of Sif Muna.
  4810 | D:6      | Found a hazy altar of Hepliaklqana.
  5310 | D:7      | Found a bloodstained altar of Trog.
  5311 | D:7      | Noticed Harold
  5329 | D:7      | Reached skill level 5 in Axes
  5329 | D:7      | Slain by Harold

Illustrated notes

Levels and vault maps discovered:
D:1:      lightli_arrival_farm, layout_basic, minmay_misc_feat_square,
          minmay_misc_feat_alley, minmay_ruptured
D:2:      layout_basic, chequers_ecumenical_altar_simple
D:3:      layout_loops_corners, minmay_lizard_king
D:4:      layout_loops_corners, yredelemnul_altar_generic,
          minmay_temple_entry_antechambers, ebering_ghost_reflecting_pool,
          minmay_curled_crystal, minmay_fire_ice_demons
D:5:      layout_basic, zin_purify, grunt_dithmenos_smoke,
          cheibrodos_ashenzari_chains
D:6:      layout_loops_ring, grunt_temple_overflow_open
D:7:      layout_basic, trog_ov_bears_minmay, uniq_maggie, uniq_harold
Temple:   minmay_temple_curvy_loop

Skill      XL: |  1  2  3  4  5  6  7  8 |
---------------+-------------------------+-----
Axes           | 2 3 4 5 |  5.0
Fighting       | 4 5 6 |  6.6
Armour         | 4 5 6 |  6.6
Shields        | 4 5 6 |  6.6

Action                   |  1- 3 |  4- 6 |  7- 9 || total
-------------------------+-------+-------+-------++-------
Melee: War axe           |    92 |   136 |   170 ||   398
  Use: Scroll            |       |     6 |     3 ||     9
       Potion            |       |       |     1 ||     1
Armor: Scale mail        |    40 |    47 |       ||    87
       Chain mail        |       |    45 |   114 ||   159
Dodge: Dodged            |    25 |    34 |    50 ||   109
Block: Kite shield       |    54 |    80 |   124 ||   258

Table legend: (Time is in decaauts)
 A = Elapsed time spent in this place.
 B = Non-inter-level travel time spent in this place.
 C = Inter-level travel time spent in this place.
 D = Time resting spent in this place.
 E = Time spent auto-exploring this place.
 F = Levels seen in this place.
 G = Mean time per level.
                   A        B        C        D        E       F      G
               +--------+--------+--------+--------+--------+-----+--------+
         Total |   5518 |   5162 |    356 |    464 |   3738 |   8 |  689.8 |
       Dungeon |   5189 |   4894 |    295 |    300 |   3649 |   7 |  741.3 |
        Temple |    328 |    267 |     61 |    164 |     89 |   1 |  328.0 |
               +--------+--------+--------+--------+--------+-----+--------+

Top non-repeatable levels by time:
     D:4: 1248 daAuts
     D:1: 1243 daAuts
     D:3: 1011 daAuts
     D:6: 887 daAuts
     D:5: 590 daAuts
  Temple: 328 daAuts
     D:7: 174 daAuts
     D:2: 34 daAuts
